 Dungeon Crawl Stone Soup version 0.28.0-45-g0d030f2227 (webtiles) character file.

Game seed: 889785725810882972

1906 zeratav the Cleaver (level 8, 0/106 HPs)
             Began as a Minotaur Berserker on Apr 2, 2022.
             Was a Priest of Trog.
             Slain by a 13-headed hydra (2 damage)
             ... on level 7 of the Dungeon.
             The game lasted 00:13:38 (5570 turns).

zeratav the Cleaver (Minotaur Berserker)            Turns: 5570, Time: 00:13:39

Health: 0/106      AC: 20    Str: 25    XL:     8   Next: 94%
Magic:  0/7        EV:  8    Int:  4    God:    Trog [***...]
Gold:   305        SH:  5    Dex: 15    Spells: 7/7 levels left

rFire   + . .      SeeInvis .   f - +1 broad axe
rCold   x . .      Faith    .   b - +0 buckler
rNeg    . . .      Spirit   +   s - +1 plate armour
rPois   .          Reflect  .   (helmet restricted)
rElec   .          Harm     .   k - +2 cloak {Stlth+}
rCorr   .          Rampage  .   g - +0 pair of gloves
Will    .....                   t - +0 pair of boots
Stlth   ..........              m - amulet of guardian spirit
HPRegen 0.27/turn               p - +6 ring of dexterity
MPRegen 0.10/turn               r - ring of fire

@: berserking, very quick
A: horns 2, retaliatory headbutt
a: Renounce Religion, Berserk, Trog's Hand


You were on level 7 of the Dungeon.
You worshipped Trog.
Trog was most pleased with you.
You visited 1 branch of the dungeon, and saw 7 of its levels.

You collected 305 gold pieces.

Inventory:

Hand Weapons
 f - a +1 broad axe (weapon)
Missiles
 i - 4 javelins (quivered)
 l - a throwing net
Armour
 b - a +0 buckler (worn)
 g - a +0 pair of gloves (worn)
 k - a +2 cloak of stealth (worn)
 s - a +1 plate armour (worn)
 t - a +0 pair of boots (worn)
Jewellery
 m - an amulet of guardian spirit (around neck)
 p - a +6 ring of dexterity (left hand)
 q - an amulet of the acrobat
 r - a ring of fire (right hand)
Wands
 n - a wand of paralysis (4)
Scrolls
 d - a scroll of teleportation
 h - 2 scrolls of identify
Potions
 a - 3 potions of curing
 c - 2 potions of ambrosia
 e - a potion of might
 j - 2 potions of heal wounds
 o - 2 potions of haste
 u - a potion of invisibility


   Skills:
 + Level 6.9 Fighting
 + Level 10.1 Axes
 + Level 0.2 Throwing
 + Level 6.9 Armour
 + Level 3.7 Dodging
 + Level 1.4 Stealth
 + Level 2.8 Shields


You had 7 spell levels left.
You didn't know any spells.
Your spell library was empty.

Dungeon Overview and Level Annotations

Branches:
Dungeon (7/15)             Temple (0/1) D:5

Altars:
Cheibriados


Innate Abilities, Weirdness & Mutations

You have a pair of horns on your head.
You reflexively headbutt those who attack you in melee.


Message History

You headbutt the bullfrog! The ten-headed hydra bites you. x2
The ten-headed hydra bites you but does no damage. x3
The ten-headed hydra bites you. The ten-headed hydra barely misses you.
The ten-headed hydra bites you.
The ten-headed hydra bites you but does no damage. x2
You slash the bullfrog!
You kill the bullfrog!
Trog accepts your kill.
You lop one of the ten-headed hydra's heads off!
The nine-headed hydra grows two more!
You slash the 11-headed hydra! The 11-headed hydra bites you. x2
* * * LOW HITPOINT WARNING * * *
The 11-headed hydra bites you but does no damage.
The 11-headed hydra bites you!
* * * LOW HITPOINT WARNING * * *
The 11-headed hydra bites you.
* * * LOW HITPOINT WARNING * * *
The 11-headed hydra bites you!
* * * LOW HITPOINT WARNING * * *
The 11-headed hydra bites you but does no damage. x4
The 11-headed hydra misses you.
You chop one of the 11-headed hydra's heads off!
The ten-headed hydra grows two more!
You slice the 12-headed hydra!!
The 12-headed hydra is heavily wounded.
You hack one of the 12-headed hydra's heads off!
The 11-headed hydra grows two more!
You slice the 13-headed hydra!! You headbutt the 13-headed hydra!
The 13-headed hydra is severely wounded.
The 13-headed hydra bites you.
* * * LOW HITPOINT WARNING * * *
The 13-headed hydra bites you but does no damage.
The 13-headed hydra bites you.
* * * LOW HITPOINT WARNING * * *
You block the 13-headed hydra's attack. x2
The 13-headed hydra bites you but does no damage.
You block the 13-headed hydra's attack. The 13-headed hydra bites you.
* * * LOW HITPOINT WARNING * * *
The 13-headed hydra bites you but does no damage. x4
The 13-headed hydra bites you.
You die...

#.#.# #.#)# ### #...
).# #..# # #.#
#..####.# #.#
#<......# #.#
##.#.####
######.####....####
#....zDD@.........+
##.########....####
#.## #.#.## #..# #.###
#..# #.. ####D.# #..
#.....# #...
#.###############'####
#
#.##.....D.z..........


You could see a 13-headed hydra, an acid dragon and a wight.

Vanquished Creatures
  Maggie (D:6)
  The ghost of Ekaitz the Firebug, an amateur DsFE (D:4)
  Sigmund (D:5)
  A basilisk (D:7)
  A necrophage (D:4)
  3 ogres
  A centaur (D:6)
  A bullfrog (D:7)
  6 killer bees (D:5)
  A bullfrog zombie (D:3)
  A quasit (D:4)
  2 hounds
  A centaur skeleton (D:4)
  2 iguanas
  9 adders
  A shadow imp (D:5)
  2 ufetubi (D:6)
  5 worms
  A dart slug (D:3)
  An orc (D:4)
  2 ball pythons
  3 bats
  8 endoplasms
  5 giant cockroaches
  6 hobgoblins
  4 jackals (D:1)
  4 quokkas
  2 frilled lizards (D:1)
  10 goblins
  10 kobolds
  5 rats
101 creatures vanquished.

Notes
Turn   | Place    | Note
-------+----------+-------------------------------------------
     0 | D:1      | zeratav the Minotaur Berserker began the quest for the Orb.
     0 | D:1      | Reached XP level 1. HP: 19/19 MP: 0/0
   196 | D:1      | Reached XP level 2. HP: 25/27 MP: 1/1
   344 | D:1      | Reached skill level 4 in Axes
   352 | D:1      | Found a faded altar of an unknown god.
   957 | D:2      | Reached XP level 3. HP: 33/33 MP: 2/2
   976 | D:2      | Reached ** piety under Trog
  2165 | D:3      | Reached XP level 4. HP: 41/41 MP: 3/3
  2173 | D:3      | Reached skill level 5 in Axes
  2383 | D:4      | Noticed a necrophage
  2393 | D:4      | Killed a necrophage
  2394 | D:4      | Reached skill level 6 in Axes
  2394 | D:4      | Reached XP level 5. HP: 44/47 MP: 4/4
  2487 | D:4      | Reached skill level 1 in Shields
  2574 | D:4      | Noticed an ogre
  2588 | D:4      | Noticed an ogre
  2593 | D:4      | Killed an ogre
  2594 | D:4      | Reached skill level 5 in Fighting
  2594 | D:4      | Reached XP level 6. HP: 41/56 MP: 5/5
  2635 | D:4      | Reached *** piety under Trog
  2666 | D:4      | Reached skill level 7 in Axes
  3020 | D:4      | Found a transporter.
  3053 | D:4      | Found a transporter.
  3060 | D:4      | Noticed Ekaitz's ghost (amateur DsFE)
  3082 | D:4      | Killed Ekaitz's ghost
  3083 | D:4      | Reached skill level 8 in Axes
  3083 | D:4      | Reached XP level 7. HP: 34/61 MP: 6/6
  3597 | D:5      | Entered Level 5 of the Dungeon
  3797 | D:5      | Found a snail-covered altar of Cheibriados.
  3797 | D:5      | Noticed a torpor snail
  3797 | D:5      | Noticed a torpor snail
  3798 | D:5      | Noticed a torpor snail
  3830 | D:5      | Noticed Sigmund
  3852 | D:5      | Killed Sigmund
  4183 | D:5      | Reached skill level 5 in Armour
  4183 | D:5      | Reached XP level 8. HP: 70/70 MP: 7/7
  4187 | D:5      | Reached skill level 1 in Stealth
  4188 | D:5      | Reached skill level 9 in Axes
  4479 | D:5      | Found a staircase to the Ecumenical Temple.
  4661 | D:6      | Noticed Maggie
  4672 | D:6      | Killed Maggie
  5371 | D:7      | Reached skill level 10 in Axes
  5533 | D:7      | Noticed an eight-headed hydra
  5570 | D:7      | HP: 2/106 [13-headed hydra (5)]
  5570 | D:7      | Slain by a 13-headed hydra

Illustrated notes

Levels and vault maps discovered:
D:1:      shiori_arrival_oz, layout_rooms, shapermc_ecumenical_altar_ellora
D:2:      layout_loops_ring
D:3:      layout_basic, minivault_24
D:4:      layout_basic, gammafunk_ghost_stat_death,
          minmay_misc_feat_four_crosses
D:5:      layout_loops_ring, cheibriados_altar_2, minmay_temple_entry_tees,
          ebering_dispersal_statue_hall, uniq_sigmund
D:6:      layout_loops_ring, uniq_maggie
D:7:      layout_loops_corners, serial_rivers, chequers_serial_rivers_micro_e,
          chequers_serial_rivers_micro_d, chequers_serial_rivers_large_b,
          chequers_serial_rivers_marsh, hangedman_minor_gate_pass, uniq_duvessa,
          uniq_pikel

Skill      XL: |  1  2  3  4  5  6  7  8 |
---------------+-------------------------+-----
Fighting       | 4 5 6 |  6.9
Axes           | 4 6 8 10 | 10.1
Armour         | 3 4 5 6 |  6.9
Shields        | 1 2 |  2.8
Dodging        | 3 |  3.7
Stealth        | 1 |  1.4
Throwing       | |  0.2

Action                   |  1- 3 |  4- 6 |  7- 9 || total
-------------------------+-------+-------+-------++-------
Melee: Hand axe          |    31 |       |       ||    31
       Headbutt          |    11 |     9 |    18 ||    38
       Broad axe         |    57 |    56 |    80 ||   193
Throw: Javelin           |    12 |    12 |     3 ||    27
Invok: Berserk           |     1 |     1 |     2 ||     4
       Trog's Hand       |       |       |     1 ||     1
  Use: Scroll            |       |       |    14 ||    14
Armor: Animal skin       |    10 |       |       ||    10
       Ring mail         |    25 |    34 |       ||    59
       Plate armour      |       |       |    92 ||    92
Dodge: Dodged            |    40 |    45 |    38 ||   123
Block: Buckler           |     6 |    10 |    28 ||    44
